 Dungeon Sprint DCSS version 0.31-a0-819-gf6de2f5ab6 (webtiles) character file.

Game seed: 17403976949022100124

10231 sircluck the Brawler (level 11, -1/130 HPs)
             Began as a Troll Berserker on Sept 23, 2023.
             Was a High Priest of Trog.
             Slain by Rupert
             ... wielding a +2 great sword of flaming
              (7 damage)
             ... in the Dungeon (Sprint III: "The Ten Rune Challenge").
             The game lasted 00:03:49 (905 turns).

sircluck the Brawler (Troll Berserker)               Turns: 905, Time: 00:03:49

Health: -1/130     AC:  8    Str: 35    XL:     11   Next: 33%
Magic:  10/10      EV: 13    Int:  2    God:    Trog [*****.]
Gold:   39         SH:  0    Dex:  8    Spells: 10/10 levels left

rFire   . .          .
                       - Unarmed
rCold   . . .        (no shield)
rNeg    . . .        a - +0 animal skin
rPois   .            o - +2 hat {Stlth+}
rElec   .            (no cloak)
rCorr   .            (gloves unavailable)
SInv    .            (boots unavailable)
Will    ++...        (no amulet)
Stlth   ++           (no ring)
HPRegen 2.21/turn    (no ring)
MPRegen 0.12/turn

%: no teleportation, clarity
@: strong-willed, on berserk cooldown, regenerating
A: large, unfitting armour, claws 3, regeneration 1, shaggy fur 1, tough skin 1,
iridescent scales 1, clarity, strong 1, no potion heal 1
a: Renounce Religion, Berserk, Trog's Hand, Brothers in Arms


You were in the Dungeon.
You worshipped Trog.
Trog was extremely pleased with you.
You visited 1 branch You collected 39 gold pieces.

Inventory:

Missiles
 r - 2 poisoned darts
Armour
 a - a +0 animal skin (worn)
 o - a +2 hat of stealth (worn)
Scrolls
 i - a scroll of immolation {unknown}
 j - 2 scrolls of identify {unknown}
 l - a scroll of torment {unknown}
Potions
 b - 2 potions of curing
 d - a potion of haste
 e - 3 potions of magic
 f - a potion of berserk rage
 h - 2 potions of mutation
 k - 2 potions of enlightenment
 m - a potion of invisibility {unknown}
 p - a potion of lignification {unknown}
 q - a potion of brilliance {unknown}
Miscellaneous
 n - a sack of spiders


   Skills:
 + Level 14.2 Fighting
 + Level 14.0 Dodging
 + Level 16.5 Unarmed Combat


You had 10 spell levels left.
You didn't know any spells.
Your spell library was empty.

Dungeon Overview and Level Annotations

Branches:
Dungeon (1/1)

Altars:
Cheibriados
Dithmenos
Elyvilon
Fedhas
Gozag
Hepliaklqana
Kikubaaqudgha
Makhleb
Nemelex Xobeh
Okawaru
Qazlal
Ru
Sif Muna
Trog
Uskayaw
Vehumet
Wu Jian
Xom
Yredelemnul
Zin
The Shining One
Jiyva
Lugonu

Annotations:
D exclusion: 2 doors, Rupert


Innate Abilities, Weirdness & Mutations

You are too large for most types of armour.
You have claws for hands.
Your natural rate of healing is unusually fast.
You are covered in fur. (AC +1)
You have tough skin. (AC +1)
You are partially covered in iridescent scales. (AC +2)
You possess an exceptional clarity of mind.
Your muscles are strong. (Str +4, Int/Dex -1)
Potions are less effective at restoring your health.


Message History

Your troll dies!
Your troll's corpse disappears in a puff of smoke!
You're still recovering from your berserk rage.
Your skin crawls.
You feel strong-willed.
Rupert hits you with a +2 great sword of flaming!!
Rupert burns you!
You claw Rupert!
Rupert is moderately wounded.
Rupert hits you with a +2 great sword of flaming!!
Rupert burns you!
You eviscerate Rupert!!!
Rupert is heavily wounded.
Rupert hits you with a +2 great sword of flaming!!
* * * LOW HITPOINT WARNING * * *
Rupert burns you!
* * * LOW HITPOINT WARNING * * *
Blink to where?
Press: ? - help, Q - select action, (/) - cycle Dir - move target
As you read the scroll of blinking, it crumbles to dust.
There is an open door here.
Things that are here:
a dire elephant corpse; an elephant corpse You enter the shallow water.
You close the door, pushing everything out of the way.
Your system partially rejects the healing.
You feel much better.
Something unseen breaks down the door.
You closely miss Rupert.
Rupert is heavily wounded.
You closely miss Rupert.
Rupert is heavily wounded.
Rupert hits you with a +2 great sword of flaming!!
* * * LOW HITPOINT WARNING * * *
Rupert burns you!
* * * LOW HITPOINT WARNING * * *
Rupert hits you with a +2 great sword of flaming!
* * * LOW HITPOINT WARNING * * *
Rupert burns you!
You die...
Rupert roars with triumph.

▓####'#..~≈≈~~~♣..#...##
▓:.)..#.~~≈~~~....#.⌠.#_
▓.....#.~≈~~~.....#...#_
▓.....#.~~~.......#)###_
▓'#####...........#.):#_
▓.................#___#_
▓▓▓▓▓▓▓▓▓▓▓▓▓▓▓▓▓▓▓▓▓▓▓▓
▓...'@.§§~§≈~~♣♣.....♣♣
▓...#~@~§§§§~~♣♣†≈≈≈≈'♣
▓...#≈~~§§§≈≈~~'.....#°
▓...#.≈~§§§~≈≈♣♣♣♣♣♣♣#°
▓..@#.~~§.≈~~≈♣ ##
▓##'####+######
▓...§.........
▓#+###########


JJJ# ▓..J+ You could see Rupert (berserk).

Vanquished Creatures
  Gastronok (D)
  2 dire elephants (D)
  Snorg (D)
  A centaur warrior (D)
  A deep elf pyromancer (D)
  An elephant (D)
  A rime drake (D)
  2 cane toads (D)
  An unseen horror (D)
  A komodo dragon (D)
  5 blink frogs (D)
  A shadow (D)
  3 wandering mushrooms (D)
  A spatial vortex (D)
  A swamp drake (D)
  2 centaurs (D)
  An earth elemental (D)
  A necrophage (D)
  A water elemental (D)
  A scorpion (D)
  2 killer bees (D)
  A jelly (D)
  A wizard (D)
  Jessica (D)
  A necromancer (D)
  3 humans (D)
  A kobold demonologist (D)
  2 endoplasms (D)
  A rat (D)
  A ballistomycete spore (D)
43 creatures vanquished.

Vanquished Creatures (collateral kills)
  An elephant (D)
  A queen bee (D)
  30 killer bees (D)
32 creatures vanquished.

Grand Total: 75 creatures vanquished

Notes
Turn   | Place    | Note
-------+----------+-------------------------------------------
     0 | D        | sircluck the Troll Berserker began the quest for the Orb.
     0 | D        | Reached XP level 1. HP: 22/22 MP: 0/0
     9 | D        | Noticed Jessica
    12 | D        | Reached ** piety under Trog
    16 | D        | Killed Jessica
    17 | D        | Reached skill level 4 in Unarmed Combat
    17 | D        | Reached XP level 2. HP: 29/32 MP: 1/1
    17 | D        | Reached XP level 3. HP: 35/39 MP: 2/2
    41 | D        | Reached skill level 5 in Unarmed Combat
    47 | D        | Noticed a scorpion
    58 | D        | Killed a scorpion
    58 | D        | Reached *** piety under Trog
    59 | D        | Reached skill level 5 in Fighting
    59 | D        | Reached skill level 5 in Dodging
    59 | D        | Reached skill level 6 in Unarmed Combat
    59 | D        | Reached XP level 4. HP: 39/50 MP: 3/3
    89 | D        | Gained mutation: You are frail. (-10% HP) [potion of
                  | mutation]
    89 | D        | Gained mutation: You sometimes lose your temper in combat.
                  | [potion of mutation]
    89 | D        | Gained mutation: You are dopey. (Int -2) [potion of
                  | mutation]
    90 | D        | Lost mutation: You are dopey. (Int -2) [potion of mutation]
    90 | D        | Lost mutation: You are frail. (-10% HP) [potion of
                  | mutation]
    90 | D        | Lost mutation: You sometimes lose your temper in combat.
                  | [potion of mutation]
    90 | D        | Gained mutation: You have hidden genetic defects. [potion
                  | of mutation]
    90 | D        | Gained mutation: You have a pair of small horns on your
                  | head. [potion of mutation]
    91 | D        | Lost mutation: You have a pair of small horns on your head.
                  | [potion of mutation]
    91 | D        | Lost mutation: You have hidden genetic defects. [potion of
                  | mutation]
    91 | D        | Gained mutation: Your flesh is heat resistant. (rF+)
                  | [potion of mutation]
    91 | D        | Gained mutation: Potions are less effective at restoring
                  | your health. [potion of mutation]
    91 | D        | Gained mutation: You possess an exceptional clarity of
                  | mind. [potion of mutation]
    91 | D        | Gained mutation: You have a pair of small antennae on your
                  | head. [potion of mutation]
    92 | D        | Lost mutation: Your flesh is heat resistant. (rF+) [potion
                  | of mutation]
    92 | D        | Lost mutation: You have a pair of small antennae on your
                  | head. [potion of mutation]
    92 | D        | Gained mutation: You are partially covered in iridescent
                  | scales. (AC +2) [potion of mutation]
    92 | D        | Gained mutation: Your muscles are strong. (Str +4, Int/Dex
                  | -1) [potion of mutation]
   111 | D        | Noticed a water elemental
   116 | D        | Killed a water elemental
   117 | D        | Reached XP level 5. HP: 59/59 MP: 4/4
   159 | D        | Found a radiant altar of Vehumet.
   159 | D        | Found a shimmering blue altar of Sif Muna.
   159 | D        | Found an ancient bone altar of Kikubaaqudgha.
   161 | D        | Reached skill level 7 in Unarmed Combat
   161 | D        | Noticed a chaos spawn
   185 | D        | Found a glowing silver altar of Zin.
   186 | D        | Found a glowing golden altar of the Shining One.
   186 | D        | Found a white marble altar of Elyvilon.
   186 | D        | Noticed a deep elf pyromancer
   192 | D        | HP: 4/88 [deep elf pyromancer/bolt of fire (26)]
   193 | D        | Killed a deep elf pyromancer
   193 | D        | Reached **** piety under Trog
   194 | D        | Reached skill level 9 in Unarmed Combat
   194 | D        | Reached XP level 6. HP: 6/72 MP: 5/5
   194 | D        | Reached XP level 7. HP: 7/80 MP: 6/6
   257 | D        | Found a hide-covered altar of Uskayaw.
   257 | D        | Found an iron altar of Okawaru.
   257 | D        | Found a bloodstained altar of Trog.
   257 | D        | Found an ornate altar of the Wu Jian Council.
   257 | D        | Noticed a human
   257 | D        | Noticed a human
   261 | D        | Killed a human
   262 | D        | Reached skill level 10 in Unarmed Combat
   269 | D        | Killed a human
   292 | D        | Found a basalt altar of Yredelemnul.
   292 | D        | Found a shadowy altar of Dithmenos.
   292 | D        | Found a sacrificial altar of Ru.
   294 | D        | Reached ***** piety under Trog
   304 | D        | Noticed a shadow
   305 | D        | Killed a shadow
   306 | D        | Reached XP level 8. HP: 92/92 MP: 7/7
   308 | D        | Received a gift from Trog
   314 | D        | Found a blossoming altar of Fedhas.
   314 | D        | Found a stormy altar of Qazlal.
   314 | D        | Found a snail-covered altar of Cheibriados.
   314 | D        | Found a burning altar of Makhleb.
   314 | D        | Found a shimmering altar of Xom.
   315 | D        | Found a hazy altar of Hepliaklqana.
   315 | D        | Found an opulent altar of Gozag.
   315 | D        | Found a sparkling altar of Nemelex Xobeh.
   315 | D        | Found a corrupted altar of Lugonu.
   315 | D        | Found a viscous altar of Jiyva.
   325 | D        | Reached skill level 11 in Unarmed Combat
   337 | D        | Noticed Snorg
   349 | D        | Killed Snorg
   350 | D        | Reached skill level 10 in Fighting
   350 | D        | Reached skill level 10 in Dodging
   350 | D        | Reached skill level 12 in Unarmed Combat
   363 | D        | Reached XP level 9. HP: 83/102 MP: 8/8
   502 | D        | Noticed a centaur warrior
   511 | D        | Killed a centaur warrior
   516 | D        | Reached skill level 13 in Unarmed Combat
   579 | D        | Killed an unseen horror
   579 | D        | Received a gift from Trog
   600 | D        | Noticed a queen bee
   605 | D        | Killed a queen bee
   614 | D        | Reached ****** piety under Trog
   615 | D        | Received a gift from Trog
   621 | D        | Reached XP level 10. HP: 115/115 MP: 9/9
   626 | D        | Reached skill level 14 in Unarmed Combat
   636 | D        | Identified the +10 rapier "Amarueg" {heavy, Dex+5} (Trog
                  | gifted it to you in the Dungeon)
   636 | D        | Received a gift from Trog
   741 | D        | Noticed a cane toad
   741 | D        | Noticed a cane toad
   751 | D        | Killed a cane toad
   753 | D        | Killed a cane toad
   753 | D        | Received a gift from Trog
   812 | D        | Reached skill level 15 in Unarmed Combat
   838 | D        | Noticed an elephant
   838 | D        | Noticed an elephant
   843 | D        | Killed an elephant
   846 | D        | Noticed a dire elephant
   849 | D        | Killed an elephant
   849 | D        | Received a gift from Trog
   850 | D        | Reached XP level 11. HP: 127/127 MP: 10/10
   855 | D        | Killed a dire elephant
   855 | D        | Noticed a dire elephant
   860 | D        | Noticed Gastronok
   864 | D        | Killed a dire elephant
   865 | D        | Reached skill level 16 in Unarmed Combat
   868 | D        | Killed Gastronok
   881 | D        | Noticed an azure jelly
   882 | D        | Noticed an azure jelly
   882 | D        | Noticed an azure jelly
   885 | D        | Noticed an azure jelly
   887 | D        | Noticed Rupert
   905 | D        | HP: 6/130 [Rupert/+2 great sword of flaming (14)]
   905 | D        | Slain by Rupert

Illustrated notes

Levels and vault maps discovered:
D:        dungeon_sprint_mu [sprint_mu_entry_forest, sprint_mu_temple_rooms,
          sprint_mu_d1_horrors, sprint_mu_d2_genie, sprint_mu_d3_branching,
          sprint_mu_orc_legion, sprint_mu_elf_gauntlet, sprint_mu_hive_nellie,
          sprint_mu_lair_fedhas, sprint_mu_vaults_butterflies,
          sprint_mu_slime_circle, sprint_mu_shoals_archi,
          sprint_mu_snake_twists, sprint_mu_blade_basic, sprint_mu_crypt_lich,
          sprint_mu_tomb_spiral, sprint_mu_vestibule_basic,
          sprint_mu_gehenna_hellfire, sprint_mu_dis_giant,
          sprint_mu_tartarus_statrot, sprint_mu_cocytus_islands, sprint_mu_zot1]

Skill      XL: |  1  2  3  4  5  6  7  8  9 10 11 |
---------------+----------------------------------+-----
Fighting       | 3 5 8 9 10 11 13 14 | 14.2
Dodging        | 3 5 8 9 10 11 13 14 | 14.0
Unarmed Combat | 4 6 9 10 12 13 15 16 | 16.5

Action                     |  1- 3 |  4- 6 |  7- 9 | 10-12 || total
---------------------------+-------+-------+-------+-------++-------
  Melee: Unarmed           |    21 |    19 |    53 |    70 ||   163
         Punch             |       |     1 |     3 |     9 ||    13
 Invoke: Berserk           |       |     2 |     1 |     2 ||     5
         Brothers in Arms  |       |       |     1 |     3 ||     4
         Trog's Hand       |       |       |       |     1 ||     1
    Use: Potion            |       |     4 |       |     1 ||     5
         Scroll            |       |       |       |     1 ||     1
   Stab: Confused          |       |       |       |     1 ||     1
 Armour: Animal skin       |     6 |    12 |    58 |    33 ||   109
  Dodge: Dodged            |     8 |     5 |    44 |    21 ||    78

Table legend: (Time is in decaauts)
 A = Elapsed time spent in this place.
 B = Non-inter-level travel time spent in this place.
 C = Inter-level travel time spent in this place.
 D = Time resting spent in this place.
 E = Time spent auto-exploring this place.
 F = Levels seen in this place.
 G = Mean time per level.
                   A        B        C        D        E       F      G
               +--------+--------+--------+--------+--------+-----+--------+
         Total |    915 |    907 |      8 |    383 |    137 |   1 |  915.0 |
       Dungeon |    915 |    907 |      8 |    383 |    137 |   1 |  915.0 |
               +--------+--------+--------+--------+--------+-----+--------+

Top non-repeatable levels by time:
       D: 915 daAuts
